 Dungeon Crawl Stone Soup version 0.23-a0-307-gc3b755d (webtiles) character file.

6 iamserjio the Gusty (level 1, 0/11 HPs)
             Began as a Tengu Air Elementalist on Oct 10, 2018.
             Slain by a kobold
             ... wielding a +0 short sword
              (4 damage)
             ... on level 1 of the Dungeon.
             The game lasted 00:01:32 (140 turns).

iamserjio the Gusty (Tengu Air Elementalist)         Turns: 140, Time: 00:01:33

Health: 0/11       AC:  2    Str:  8    XL:     1   Next: 90%
Magic:  1/4        EV: 12    Int: 15    God:
Gold:   24         SH:  0    Dex: 14    Spells: 3/4 levels left

rFire    . . .     SeeInvis .     - Unarmed
rCold    . . .     Gourm    .   (no shield)
rNeg     . . .     Faith    .   a - +0 robe
rPois    .         Spirit   .   (helmet restricted)
rElec    .         Reflect  .   (no cloak)
rCorr    .         Harm     .   (no gloves)
MR       .....                  (boots unavailable)
Stlth    ++........             (no amulet)
HPRegen  0.03/turn              (no ring)
MPRegen  0.09/turn              (no ring)

@: no status effects
A: beak, talons 3
a: no special abilities


You were on level 1 of the Dungeon.
You were not hungry.

You visited 1 branch of the dungeon, and saw 2 of its levels.

You collected 24 gold pieces.

Inventory:

Armour
 a - a +0 robe (worn)
 f - a +0 buckler
Potions
 b - a potion of lignification {unknown}
 e - a potion of degeneration {unknown}
Comestibles
 c - a ration
 d - a chunk of flesh


   Skills:
 + Level 0.4 Fighting
 - Level 2.1 Dodging
 - Level 2.0 Stealth
 * Level 1.0 Unarmed Combat
 - Level 2.0 Spellcasting
 - Level 1.3 Conjurations
 + Level 4.1 Air Magic


You had 3 spell levels left.
You knew the following spells:

 Your Spells              Type           Power        Failure   Level  Hunger
a - Shock                 Conj/Air       #...         7%          1    #......

Your spell library contained the following spells:

 Spells                   Type           Power        Failure   Level  Hunger
 Swiftness                Chrm/Air       #.......     14%         2    ###....
 Static Discharge         Conj/Air       #.......     22%         3    ###....
 Airstrike                Air            ##........   36%         4    #####..
 Lightning Bolt           Conj/Air       #.........   89%         5    ######.


Dungeon Overview and Level Annotations

Branches:
Dungeon (2/15)

Altars:


Innate Abilities, Weirdness & Mutations

You have a beak for a mouth.
You have claws for feet.


Message History

A kobold comes into view. It is wielding a short sword.
The kobold shouts!
The kobold throws a stone.
The stone hits you but does no damage.
You see here a stone.
The kobold throws a stone.
The stone hits you.
You see here a stone.
Casting: Shock (safe; 7% risk of failure)
Aiming: Shock (safe; 7% risk of failure)
The zap misses the kobold.
The zap hits the kobold.
The kobold throws a stone.
The stone closely misses you.
Casting: Shock (safe; 7% risk of failure)
Aiming: Shock (safe; 7% risk of failure)
The zap hits the kobold.
The kobold appears unharmed.
The zap misses the kobold.
Casting: Shock (safe; 7% risk of failure)
Aiming: Shock (safe; 7% risk of failure)
The zap misses the kobold.
You hit the kobold but do no damage. Your kick misses the kobold.
The kobold hits you with a short sword.
You die...

#.##.###.# #>.)........
#......# # #....(......
#.##.#.#+####.#.########
# ...#.....##.#.#
#..#.#.....####.#
#..###...(......#
#..........(.#####
##.#####.....#
.......@K..#
##########.# .# .# K# .#


You could see a kobold.

Vanquished Creatures
  A giant cockroach (D:1)
  A goblin (D:2)
  A hobgoblin (D:1)
  A frilled lizard (D:2)
  2 rats (D:2)
6 creatures vanquished.

Notes
Turn   | Place    | Note
-------+----------+-------------------------------------------
     0 | D:1      | iamserjio the Tengu Air Elementalist began the quest for
                  | the Orb.
     0 | D:1      | Reached XP level 1. HP: 10/10 MP: 4/4
    90 | D:1      | Reached skill level 1 in Unarmed Combat
   140 | D:1      | Slain by a kobold

Vault maps used:
D:1:      lemuel_arrival_broad_hall
D:2:      nicolae_gozag_cash_rules_everything_around_me, uniq_robin

Skill      XL: |  1 |
---------------+----+-----
Unarmed Combat | 1 |  1.0
Fighting       | |  0.4
Dodging        | |  2.1
Stealth        | |  2.0
Spellcasting   | |  2.0
Conjurations   | |  1.3
Air Magic      | |  4.1

Action                   || total
-------------------------++-------
Melee: Unarmed           ||    13
       Kick              ||     1
       Peck              ||     1
 Cast: Shock             ||    10
Armor: Robe              ||     1
Dodge: Dodged            ||     6

Table legend:
 A = Non-vault XP
 B = Vault XP
 C = Vault XP percentage of total XP
 D = Non-vault monster count
 E = Vault monster count
 F = Vault count percentage of total count
                 A         B        C        D         E       F
            +---------+---------+-------+---------+---------+-------
      Total |       9 |       0 |   0.0 |       6 |       0 |   0.0
            +---------+---------+-------+---------+---------+-------
        D:1 |       4 |       0 |   0.0 |       2 |       0 |   0.0
        D:2 |       5 |       0 |   0.0 |       4 |       0 |   0.0
            +---------+---------+-------+---------+---------+-------
